 Dungeon Crawl Stone Soup version 0.27-a0-1359-ga2a4dfd6fd (webtiles) character file.

Game seed: 10217896380005335250

455 Rocko1345 the Slasher (level 6, 0/38 (52) HPs)
             Began as a Palentonga Chaos Knight on June 28, 2021.
             Was a Plaything of Xom.
             Slain by a wight (1 damage)
             ... on level 5 of the Dungeon.
             The game lasted 00:17:45 (5390 turns).

Rocko1345 the Slasher (Palentonga Chaos Knight)     Turns: 5390, Time: 00:17:46

HP:   0/38 (52)     AC: 12    Str: 16      XL:     6   Next: 76%
MP:   6/6           EV:  5    Int:  9 (12) God:    Xom [..*...]
Gold: 246           SH:  0    Dex:  9      Spells: 5/5 levels left

rFire    + . .     SeeInvis +   i - +2 short sword (venom)
rCold    + . .     Faith    .   (no shield)
rNeg     . . .     Spirit   .   f - +0 chain mail
rPois    .         Reflect  .   (helmet restricted)
rElec    .         Harm     .   c - scarf {rC+ rF+}
rCorr    .         Rampage  .   (no gloves)
Will     .....                  (no barding)
Stlth    ..........             k - amulet of regeneration
HPRegen  1.12/turn              e - +4 ring of protection
MPRegen  0.10/turn              (no ring)

@: unable to read, very heavily drained
A: large, rugged brown scales 3, see invisible, deformed body, roll 2, armoured
tail, beak, claws 1, clumsy 1, inability to read while threatened
a: Rolling Charge, Renounce Religion


You were on level 5 of the Dungeon.
You worshipped Xom.
You were a toy of Xom.
You visited 1 branch of the dungeon, and saw 5 of its levels.

You collected 246 gold pieces.

Inventory:

Hand Weapons
 a - a +0 falchion of chaos
 i - a +2 short sword of venom (weapon)
 p - a +1 spear of venom
Missiles
 g - 4 boomerangs
 j - 155 stones
 s - 18 poisoned darts
 v - 47 arrows
Armour
 b - a +2 leather armour
 c - a scarf of resistance (worn)
 f - a +0 chain mail (worn)
Jewellery
 e - a +4 ring of protection (left claw)
 k - an amulet of regeneration (around neck)
Wands
 d - a wand of polymorph (1)
Scrolls
 h - a scroll of immolation {unknown}
 l - 3 scrolls of teleportation {unknown}
 n - 2 scrolls of identify {unknown}
 q - a scroll of torment {unknown}
 r - a scroll of fear {unknown}
 t - a scroll of vulnerability {unknown}
Potions
 m - a potion of heal wounds {unknown}
 o - a potion of cancellation {unknown}


   Skills:
 * Level 4.5 Fighting
 + Level 2.0(3.7) Short Blades
 * Level 4.9(5.1) Long Blades
 * Level 3.6 Armour
 + Level 1.0 Dodging
 + Level 0.1 Stealth


You had 5 spell levels left.
You didn't know any spells.
Your spell library was empty.

Dungeon Overview and Level Annotations

Branches:
Dungeon (5/15)
 Temple: D:4-7

Altars:
Ashenzari
Gozag
Hepliaklqana
Nemelex Xobeh
Qazlal
Uskayaw
Xom

Shops:
D:3 (


Innate Abilities, Weirdness & Mutations

You are completely covered in rugged brown scales. (AC +3, +7% HP)
You have supernaturally acute eyesight. (SInv)
Armour fits poorly on your strangely shaped body.
You can roll at foes to attack.
You have a long armoured tail.
You have a beak for a mouth.
You have sharp fingernails.
You are clumsy. (Dex -2)
You sometimes lose the ability to read scrolls when taking damage.


Message History

The wight hits you but does no damage.
The wight hits you from afar with a +1 halberd.
You feel drained.
Your white imp hits the wight but does no damage.
You hit the wight.
You destroy the wight!
The wight hits you from afar with a +1 halberd!
You feel threatened and lose the ability to read scrolls!
You feel drained.
Your base Short Blades skill increases to level 2!
You swap places.
The wight hits you but does no damage.
There is a fountain of clear blue water here.
Things that are here:
a +0 falchion; a +0 robe; an adder corpse The wight hits you from afar with a +1 halberd.
* * * LOW HITPOINT WARNING * * *
You feel drained.
* * * LOW HITPOINT WARNING * * *
Your white imp closely misses the wight.
You enter the shallow water.
Moving in this stuff is going to be slow.
Your white imp closely misses the wight.
Your white imp misses the wight.
The wight barely misses you.
Your white imp closely misses the wight.
The wight hits you but does no damage.
You completely miss the wight.
You can read scrolls again.
Your white imp gestures at the wight.
The puff of frost hits the wight.
The wight completely resists.
The wight hits you with a +1 halberd.
You feel threatened and lose the ability to read scrolls!
* * * LOW HITPOINT WARNING * * *
You hit the wight.
Your tail-slap misses the wight.
The wight is lightly damaged.
Your white imp gestures at the wight.
The puff of frost hits the wight.
The wight resists.
The wight hits you with a +1 halberd!
* * * LOW HITPOINT WARNING * * *
You feel drained.
You die...

.....##...⌠...⌠...⌠
#....##≈.≈.≈.≈.≈.≈.≈.≈#
......#.⌠...⌠...⌠...⌠.#
#.....#≈.≈.≈.≈.≈.≈.≈.≈#
##........⌠...⌠$..⌠...#
###....≈.≈.≈.≈.≈.≈.≈.≈##
........⌠...⌠...⌠...⌠..#
###..#.≈.≈.≈.≈5z.≈.≈.≈.#
..... #...⌠...).@.⌠....#
..... #≈.≈.≈.≈.≈.≈.≈.≈.#
##.#....⌠...⌠...⌠...⌠..#
#####....≈.≈.≈.≈.≈.≈...#
#.##.......##.#######.##
......#....#..#######.#
.....##...............#
...####........########
...####.......###


You could see a wight (ally target) and a friendly white imp (summoned).

Vanquished Creatures
  A phantom (D:5)
  2 wights (D:5)
  A howler monkey (D:4)
  2 hounds (D:4)
  2 iguanas (D:4)
  Ijyb (D:4)
  A hound zombie (D:5)
  5 adders
  A dart slug (D:1)
  6 endoplasms
  2 giant cockroaches
  3 goblins
  9 hobgoblins
  4 jackals
  3 quokkas
  4 ball pythons
  3 bats
  3 frilled lizards
  4 kobolds
  3 rats
60 creatures vanquished.

Vanquished Creatures (collateral kills)
  Robin (D:3)
  An adder (D:5)
  6 goblins (D:3)
  2 hobgoblins (D:3)
  A frilled lizard (D:3)
11 creatures vanquished.

Grand Total: 71 creatures vanquished

Notes
Turn   | Place    | Note
-------+----------+-------------------------------------------
     0 | D:1      | Rocko1345 the Palentonga Chaos Knight began the quest for
                  | the Orb.
     0 | D:1      | Reached XP level 1. HP: 19/19 MP: 1/1
     7 | D:1      | XOM: divination: detect items
    58 | D:1      | XOM: divination: detect items
   336 | D:1      | Reached XP level 2. HP: 24/25 MP: 2/2
   509 | D:1      | Found a faded altar of an unknown god.
   928 | D:2      | Reached XP level 3. HP: 29/31 MP: 3/3
  1085 | D:2      | XOM: noise
  1498 | D:3      | Found Pogo's Antique Weapon Shop.
  1643 | D:3      | XOM: stat loss: -1 Str (15/16)
  1675 | D:3      | XOM: summons 1 hostile shadow creature
  1744 | D:3      | XOM: scenery: summon butterflies
  1822 | D:3      | Noticed Robin
  1841 | D:3      | Killed Robin
  1842 | D:3      | Reached XP level 4. HP: 32/39 MP: 4/4
  1907 | D:3      | XOM: scenery: create altars
  1953 | D:3      | Found a hazy altar of Hepliaklqana.
  2167 | D:4      | Found a broken altar of Ashenzari.
  2278 | D:4      | XOM: blink monster(s)
  2279 | D:4      | XOM: fog
  2280 | D:4      | XOM: blink monster(s)
  2294 | D:4      | HP: 1/39 [hound (1)]
  2296 | D:4      | Reached skill level 1 in Short Blades
  2467 | D:4      | XOM: 1-stop teleportation journey
  2473 | D:4      | Reached XP level 5. HP: 25/44 MP: 5/5
  2650 | D:4      | XOM: give mutations
  2650 | D:4      | Gained mutation: You are weak. (Str -2) [Xom's mischief]
  2650 | D:4      | Gained mutation: You are clumsy. (Dex -2) [Xom's mischief]
  2774 | D:4      | XOM: summons 3 hostile shadow creatures
  2775 | D:4      | Noticed an ogre
  3016 | D:4      | XOM: summons 3 hostile demons
  3017 | D:4      | Noticed an orange demon
  3017 | D:4      | Noticed a hellwing
  3017 | D:4      | Noticed a chaos spawn
  3047 | D:4      | Noticed a red devil
  3047 | D:4      | an orange demon changed into a red devil
  3047 | D:4      | XOM: polymorph orange demon -> red devil
  3071 | D:4      | XOM: butterfly on damage
  3323 | D:4      | Found a hide-covered altar of Uskayaw.
  3323 | D:4      | XOM: 10-stop teleportation journey
  3383 | D:4      | Found an opulent altar of Gozag.
  3435 | D:4      | XOM: give mutation
  3435 | D:4      | Gained mutation: You sometimes lose the ability to read
                  | scrolls when taking damage. [Xom's mischief]
  3494 | D:4      | Noticed Ijyb
  3513 | D:4      | XOM: confusion
  3524 | D:4      | Killed Ijyb
  3653 | D:4      | Reached XP level 6. HP: 48/51 MP: 6/6
  4140 | D:4      | Found a stormy altar of Qazlal.
  4277 | D:5      | Entered Level 5 of the Dungeon
  4360 | D:5      | Found a sparkling altar of Nemelex Xobeh.
  4377 | D:5      | XOM: draining
  4768 | D:5      | XOM: 2-stop teleportation journey
  4775 | D:5      | XOM: scenery: summon butterflies
  4782 | D:5      | XOM: fog
  4789 | D:5      | XOM: enchant monster (good)
  4800 | D:5      | Reached skill level 1 in Dodging
  4828 | D:5      | XOM: scenery: create altars
  5096 | D:5      | XOM: divination: detect items
  5229 | D:5      | XOM: give mutations
  5229 | D:5      | Gained mutation: You can roll at foes to attack. [Xom's
                  | grace]
  5229 | D:5      | Gained mutation: You have a beak for a mouth. [Xom's grace]
  5229 | D:5      | Gained mutation: You have sharp fingernails. [Xom's grace]
  5229 | D:5      | Lost mutation: You are weak. (Str -2) [Xom's grace]
  5371 | D:5      | XOM: summons friendly white imp
  5390 | D:5      | HP: 1/40 [wight (12)]
  5390 | D:5      | Slain by a wight

Illustrated notes

Levels and vault maps discovered:
D:1:      lightli_arrival_noodles, layout_basic,
          ebering_ecumenical_altar_petrified, kennysheep_minor_cross,
          hangedman_decor_clover_reticule
D:2:      layout_basic, hangedman_glass_teeth
D:3:      layout_basic, nicolae_overflow_crystal_walls, serial_shops,
          nicolae_shop_waterfront, uniq_robin
D:4:      layout_layer_cave, grunt_gozag_breadcrumbs, kennysheep_little_box,
          lemuel_tele_altar, marbit_many_paths, kennysheep_big_empty_room,
          uniq_ijyb
D:5:      layout_cave_pools, nemelex_xobeh_ov_fountains_minmay,
          grunt_ministairs_1, kennysheep_crisscross, grunt_decor_cap

Skill      XL: |  1  2  3  4  5  6 |
---------------+-------------------+-----
Armour         | 2 3 |  3.6
Long Blades    | 4 |  4.9
Short Blades   | 1 2 |  2.0
Fighting       | 4 |  4.5
Dodging        | 1 |  1.0
Stealth        | |  0.1

Action                   |  1- 3 |  4- 6 || total
-------------------------+-------+-------++-------
Melee: Falchion          |    37 |       ||    37
       Short sword       |    58 |   124 ||   182
       Tailslap          |     4 |    15 ||    19
       Peck              |       |     1 ||     1
 Abil: Rolling Charge    |     2 |       ||     2
  Use: Potion            |       |     6 ||     6
       Scroll            |       |     3 ||     3
 Stab: Paralysed         |     2 |       ||     2
       Sleeping          |       |     1 ||     1
       Distracted        |       |     1 ||     1
Armor: Chain mail        |    70 |    98 ||   168
       Leather armour    |     1 |       ||     1
       Skin              |       |    10 ||    10
Dodge: Dodged            |    30 |    25 ||    55
       Rpst.: Falchion   |     4 |       ||     4

Table legend: (Time is in decaauts)
 A = Elapsed time spent in this place.
 B = Non-inter-level travel time spent in this place.
 C = Inter-level travel time spent in this place.
 D = Time resting spent in this place.
 E = Time spent auto-exploring this place.
 F = Levels seen in this place.
 G = Mean time per level.
                   A        B        C        D        E       F      G
               +--------+--------+--------+--------+--------+-----+--------+
         Total |   5369 |   5310 |     59 |   1231 |   2561 |   5 | 1073.8 |
       Dungeon |   5369 |   5310 |     59 |   1231 |   2561 |   5 | 1073.8 |
               +--------+--------+--------+--------+--------+-----+--------+

Top non-repeatable levels by time:
     D:4: 2105 daAuts
     D:5: 1111 daAuts
     D:1: 886 daAuts
     D:3: 650 daAuts
     D:2: 615 daAuts
